AoeStats
← Padla

Black Forest

505796576Analyzed
3v3 RM · 21d ago on Sep 11, 2026· 63m 57s· 6 players
Game mode
Random Map
Map size
Normal (6 player)
Population
200
Speed
Normal
Resources
Standard
Victory
Conquest
Starting age
Dark Age
Ending age
Imperial Age
RankedLock teamsTeams togetherTeam positionsShared explorationLock speedFull tech treeHidden civsTurbo modeCheats
Victory
Defeat
🇪🇸 Britons · Spain
806
+19
🇷🇺 Gurjaras · Russia
582
+13
🇷🇺 Khmer · Russia
517
+15
🇿🇦 Byzantines · South Africa
673
-18
🇧🇷 Teutons · Brazil
467
-9
🇦🇷 Vikings · Argentina
416
-7
CapitãO_PreSenÇa
0:29 Loom
16:15 Feudal Age
18:28 Wheelbarrow
17:41 Double-Bit Axe
17:52 Gold Mining
17:56 Stone Mining
17:51 Horse Collar
19:57 Town Watch
30:24 Castle Age
31:45 Hand Cart
31:33 Heavy Plow
32:12 Stone Shaft Mining
31:50 Bow Saw
36:48 Caravan
37:19 Coinage
40:43 Imperial Age
39:09 Fortified Wall
41:53 Gambesons
42:10 Squires
41:56 Arson
43:01 Masonry
42:45 Fletching
43:46 Ironclad
44:42 Chemistry
44:58 Banking
45:07 Conscription
45:56 Crop Rotation
45:01 Man-at-Arms
45:02 Pikeman
46:07 Bodkin Arrow
46:23 Forging
46:14 Scale Mail Armor
46:39 Onager
48:48 Ballistics
48:15 Arrowslits
48:01 Capped Ram
49:28 Siege Engineers
51:16 Guilds
51:24 Chain Mail Armor
51:45 Iron Casting
52:11 Hoardings
52:25 Crenellations
52:34 Town Patrol
53:34 Elite Teutonic Knight
58:53 Sappers
59:55 Plate Mail Armor
60:26 Blast Furnace
60:06 Siege Onager
_Hckt87 ⭕⃤ ⭕ FALCON
17:25 Feudal Age
32:42 Forging
32:33 Scale Mail Armor
32:26 Fletching
32:38 Padded Archer Armor
34:02 Scale Barding Armor
35:21 Arson
37:02 Double-Bit Axe
37:05 Horse Collar
39:59 Man-at-Arms
Hondkop
0:55 Loom
13:37 Feudal Age
19:13 Castle Age
19:23 Horse Collar
19:31 Double-Bit Axe
38:04 Imperial Age
36:21 Wheelbarrow
36:43 Wheelbarrow
39:06 Murder Holes
39:25 Forging
39:16 Scale Mail Armor
39:07 Fletching
39:17 Padded Archer Armor
39:23 Scale Barding Armor
39:43 Hand Cart
41:02 Conscription
41:29 Chain Mail Armor
41:49 Iron Casting
41:50 Pikeman
42:24 Halberdier
43:32 Elite Skirmisher
44:55 Plate Mail Armor
44:21 Bodkin Arrow
44:41 Leather Archer Armor
44:22 Gold Mining
44:22 Stone Mining
44:57 Light Cavalry
45:38 Husbandry
45:53 Gambesons
46:08 Squires
45:54 Arson
45:39 Hussar
45:50 Hussar
49:14 Bracer
49:46 Ring Archer Armor
49:25 Heavy Plow
49:44 Bow Saw
60:25 Chain Barding Armor
62:49 Crop Rotation
Padla
13:51 Feudal Age
14:39 Horse Collar
14:48 Double-Bit Axe
20:38 Castle Age
19:34 Man-at-Arms
21:44 Fletching
22:14 Gold Mining
22:14 Stone Mining
22:25 Stone Mining
22:50 Bow Saw
26:35 Bodkin Arrow
27:57 Ballistics
27:47 Fortified Wall
29:11 Gold Shaft Mining
30:21 Wheelbarrow
30:01 Padded Archer Armor
32:28 Hand Cart
36:01 Imperial Age
35:21 Leather Archer Armor
36:07 Squires
35:53 Gambesons
35:56 Arson
36:25 Pikeman
37:10 Bracer
37:40 Ring Archer Armor
38:14 Chemistry
37:38 Conscription
39:11 Two-Man Saw
37:43 Elite Longbowman
40:23 Yeomen
40:38 Caravan
40:36 Murder Holes
40:11 Capped Ram
41:50 Forging
41:40 Scale Mail Armor
44:47 Warwolf
52:50 Town Watch
Kolbas™
10:59 Feudal Age
11:20 Horse Collar
21:22 Loom
26:11 Castle Age
24:43 Town Watch
29:06 Fletching
29:21 Scale Barding Armor
30:43 Ballistics
32:26 Heavy Plow
32:15 Double-Bit Axe
38:08 Town Patrol
42:40 Imperial Age
43:08 Masonry
43:53 Crop Rotation
45:07 Double Crossbow
45:48 Bow Saw
48:23 Chain Barding Armor
47:59 Bodkin Arrow
48:05 Padded Archer Armor
48:20 Forging
48:13 Padded Archer Armor
48:20 Heavy Scorpion
51:19 Elite Ballista Elephant
56:12 Tusk Swords
57:03 Plate Barding Armor
59:52 Bracer
60:27 Iron Casting
59:53 Scale Mail Armor
60:08 Leather Archer Armor
60:58 Chemistry
60:05 Tusk Swords
60:41 Hoardings
60:26 Conscription
LadyBoy
9:20 Feudal Age
9:59 Double-Bit Axe
20:08 Castle Age
18:47 Stone Mining
19:53 Forging
20:46 Scale Barding Armor
24:16 Iron Casting
27:01 Fletching
27:32 Chain Barding Armor
30:57 Gold Mining
33:32 Bodkin Arrow
35:46 Horse Collar
36:19 Husbandry
36:32 Bloodlines
36:17 Treadmill Crane
38:28 Wheelbarrow
44:56 Imperial Age
44:28 Scale Mail Armor
44:28 Padded Archer Armor
50:47 Hand Cart
59:45 Elite Shrivamsha Rider
Connection lost

Rejoining the realm…

Still unreachable

The connection could not be restored.

Session expired

The server has moved on; the page needs a fresh start.